 Dungeon Crawl Stone Soup version 0.30-a0-622-gddc90eaa04 (webtiles) character file.

Game seed: 1906847082219756698

29 testman the Insei (level 3, -4/28 HPs)
             Began as a Gnoll Wanderer on Jan 10, 2023.
             Slain by a black bear (5 damage)
             ... on level 2 of the Dungeon.
             The game lasted 00:02:26 (1176 turns).

testman the Insei (Gnoll Wanderer)                  Turns: 1176, Time: 00:02:27

Health: -4/28      AC:  4    Str:  9    XL:     3   Next: 16%
Magic:  4/4        EV: 13    Int: 11    God:
Gold:   73         SH:  0    Dex: 15    Spells: 3/3 levels left

rFire   . . .      SeeInvis .    m - +0 spear
rCold   . . .      Faith    .    (no shield)
rNeg    . . .      Spirit   .    k - +0 leather armour
rPois   .          Reflect  .    (no helmet)
rElec   .          Harm     .    (no cloak)
rCorr   .          Rampage  .    (no gloves)
Will    .....                    d - +0 pair of boots
Stlth   ++                       (no amulet)
HPRegen 0.24/turn                l - ring of wizardry
MPRegen 0.09/turn                n - ring of wizardry

@: no status effects
A: fangs 1, strong nose, distributed training
a: no special abilities


You were on level 2 of the Dungeon.
You visited 1 branch of the dungeon, and saw 2 of its levels.

You collected 73 gold pieces.

Inventory:

Hand Weapons
 a - a +0 sling
 i - a +0 dagger
 m - a +0 spear (weapon)
Armour
 d - a +0 pair of boots (worn)
 f - a +0 robe
 k - a +0 leather armour (worn)
Jewellery
 l - a ring of wizardry (left hand)
 n - a ring of wizardry (right hand)
Scrolls
 h - 2 scrolls of silence {unknown}
 o - a scroll of noise {unknown}
 p - a scroll of enchant armour {unknown}
Potions
 b - a potion of invisibility
 c - a potion of berserk rage
 e - 3 potions of lignification
 g - a potion of haste {unknown}
 j - a potion of brilliance {unknown}


   Skills:
 + Level 2.6 Fighting
 + Level 0.7 Short Blades
 + Level 0.7 Long Blades
 + Level 0.7 Axes
 + Level 0.7 Maces & Flails
 + Level 0.7 Polearms
 + Level 0.7 Staves
 + Level 2.6 Ranged Weapons
 + Level 4.5 Throwing
 + Level 0.7 Armour
 + Level 4.5 Dodging
 + Level 2.3 Stealth
 + Level 0.7 Shields
 + Level 6.5 Unarmed Combat
 + Level 0.7 Spellcasting
 + Level 0.5 Conjurations
 + Level 0.5 Hexes
 + Level 0.5 Summonings
 + Level 0.5 Necromancy
 + Level 0.5 Translocations
 + Level 0.5 Transmutations
 + Level 0.5 Fire Magic
 + Level 0.5 Ice Magic
 + Level 0.5 Air Magic
 + Level 0.5 Earth Magic
 + Level 0.5 Poison Magic
 + Level 0.9 Invocations
 + Level 0.7 Evocations


You had 3 spell levels left.
You didn't know any spells.
Your spell library was empty.

Dungeon Overview and Level Annotations

Branches:
Dungeon (2/15)

Altars:


Innate Abilities, Weirdness & Mutations

You have very sharp teeth.
Your uncanny sense of smell can sniff out nearby items.
Your experience applies equally to all skills.


Message History

The black bear closely misses you.
The black bear claws you but does no damage.
The black bear claws you.
You closely miss the black bear.
The black bear is severely wounded.
The black bear bites you. The black bear closely misses you.
The black bear barely misses you. x2; The black bear claws you. x2
You closely miss the black bear.
The black bear is severely wounded.
The black bear misses you. The black bear closely misses you. x2
You hit the black bear.
The black bear is severely wounded.
The black bear misses you. The black bear claws you.
The black bear claws you but does no damage.
You hit the black bear. Your bite misses the black bear.
The black bear is almost dead.
The black bear goes berserk!
You hit the black bear but do no damage.
The black bear is almost dead.
The black bear misses you.
The black bear claws you but does no damage.
The black bear claws you. The black bear barely misses you.
The black bear claws you.
The black bear claws you but does no damage.
You are too injured to fight recklessly!
You are too injured to fight recklessly!
You barely miss the black bear. You bite the black bear.
The black bear is almost dead.
The black bear completely misses you. The black bear misses you.
The black bear claws you.
You hit the black bear but do no damage.
You punch the black bear.
The black bear is almost dead.
The black bear bites you!
* * * LOW HITPOINT WARNING * * *
The black bear claws you but does no damage.
The black bear claws you.
* * * LOW HITPOINT WARNING * * *
The black bear bites you.
You die...

#.##...#.##...# #.....#.#.
#.####.###.##.##...#.........#)#
#...........#..#...#.#.#.#.#.# #
#.####.#.............##....#.#
#...................#.#
...........##.###.###
.#.###.....##.# # ..
.......##.###(####
#..........@h......
#.#####.##.###.#### #. #.##.# ..
.##.# #.# ∆ #.# #.. ###


You could see a black bear (berserk).

Vanquished Creatures
  4 bats (D:1)
  An endoplasm (D:1)
  A giant cockroach (D:1)
  6 goblins (D:1)
  2 hobgoblins (D:1)
  2 jackals (D:1)
  A ball python (D:1)
  A frilled lizard (D:1)
  6 kobolds (D:1)
  2 rats (D:1)
26 creatures vanquished.

Notes
Turn   | Place    | Note
-------+----------+-------------------------------------------
     0 | D:1      | testman the Gnoll Wanderer began the quest for the Orb.
     0 | D:1      | testman set off with the following items: a +0 sling, a
                  | potion of invisibility, a potion of berserk rage, a +0 pair
                  | of boots, a potion of lignification, a +0 robe.
     0 | D:1      | Reached XP level 1. HP: 17/17 MP: 1/1
   335 | D:1      | Reached XP level 2. HP: 23/23 MP: 2/2
   749 | D:1      | Reached XP level 3. HP: 28/28 MP: 3/3
  1161 | D:2      | Noticed a black bear
  1176 | D:2      | HP: 1/28 [black bear (1)]
  1176 | D:2      | Slain by a black bear

Illustrated notes

Levels and vault maps discovered:
D:1:      scummos_arrival_checkerplants, layout_basic, serial_corexii_hall,
          corexii_hall_statues_x, corexii_hall_statues_t,
          corexii_hall_statues_i, corexii_hall_statues_deadend,
          chequers_hall_statues_corner_a, chequers_hall_statues_corner_a,
          nicolae_concentric_dashed_squares_mild
D:2:      layout_loops_ring

Action                   || total
-------------------------++-------
Melee: Unarmed           ||     5
       Punch             ||     2
       Spear             ||    10
       Bite              ||     1
 Fire: Sling             ||    89
Armor: Robe              ||     5
       Leather armour    ||    19
Dodge: Dodged            ||    28

Table legend: (Time is in decaauts)
 A = Elapsed time spent in this place.
 B = Non-inter-level travel time spent in this place.
 C = Inter-level travel time spent in this place.
 D = Time resting spent in this place.
 E = Time spent auto-exploring this place.
 F = Levels seen in this place.
 G = Mean time per level.
                   A        B        C        D        E       F      G
               +--------+--------+--------+--------+--------+-----+--------+
         Total |   1201 |   1155 |     46 |      0 |    954 |   2 |  600.5 |
       Dungeon |   1201 |   1155 |     46 |      0 |    954 |   2 |  600.5 |
               +--------+--------+--------+--------+--------+-----+--------+

Top non-repeatable levels by time:
     D:1: 1130 daAuts
     D:2: 71 daAuts
